 Dungeon Crawl Stone Soup version 0.24.0-123-gd5b16e6ec5 (webtiles) character file.

Game seed: 17325882749144796012, levelgen mode: deterministic

29694 HarlemGrape the Fighter (level 13, -13/91 HPs)
             Began as a Gargoyle Fighter on Feb 10, 2020.
             Was a High Priest of the Shining One.
             Killed from afar by a lindwurm (29 damage)
             ... with a blast of flame
             ... summoned by Kirke
             ... on level 15 of the Dungeon.
             The game lasted 00:57:15 (16542 turns).

HarlemGrape the Fighter (Gargoyle Fighter)         Turns: 16542, Time: 00:57:15

Health: -13/91     AC:  0    Str: 24    XL:     13   Next: 46%
Magic:  17/17      EV: 13    Int:  9    God:    the Shining One [*****.]
Gold:   337        SH:  0    Dex: 10    Spells: 12/12 levels left

rFire    . . .     SeeInvis .   (weapon currently unavailable)
rCold    . . .     Gourm    .   (shield currently unavailable)
rNeg     + + +     Faith    .   (armour currently unavailable)
rPois    ∞         Spirit   .   (helmet currently unavailable)
rElec    .         Reflect  .   (cloak currently unavailable)
rCorr    .         Harm     .   (gloves currently unavailable)
MR       .....                  (boots currently unavailable)
Stlth    ++........             (no amulet)
HPRegen  0.25/turn              (ring currently unavailable)
MPRegen  0.15/turn              (ring currently unavailable)

@: pig-form, slowed, glowing
A: small, negative energy resistance 1, petrification resistance, rot immunity,
AC +9
a: Divine Shield, Cleansing Flame, Summon Divine Warrior, Renounce Religion


You were on level 15 of the Dungeon.
You worshipped the Shining One.
The Shining One was extremely pleased with you.
You were not hungry.
You were a filthy swine.
You visited 3 branches of the dungeon, and saw 17 of its levels.
You also visited: Sewer.

You collected 907 gold pieces.
You spent 570 gold pieces at shops.

Inventory:

Hand Weapons
 x - a +2 flail of venom
 O - a +2 dire flail of venom (melded)
 R - a +4 battleaxe of flaming
Missiles
 k - 503 stones (quivered)
 B - 118 sling bullets
 H - a throwing net
 M - 6 silver javelins
Armour
 a - a +1 pair of boots (melded)
 p - a +0 cloak (melded)
 s - +0 acid dragon scales
 G - a +0 plate armour (melded)
 K - a +0 large shield
 L - a +0 helmet (melded)
 Q - the +3 pair of gauntlets of War (melded) {Slay+5}
   (You bought it in a shop on level 11 of the Dungeon)

   It affects your accuracy and damage with ranged weapons and melee attacks
   (+5).
Jewellery
 b - an uncursed amulet of rage
 i - a ring of see invisible (melded)
 F - a +4 ring of dexterity (melded)
Wands
 c - a wand of acid (10)
 h - a wand of flame (34)
 m - a wand of iceblast (7)
 t - a wand of disintegration (28)
 J - a wand of paralysis (5)
Scrolls
 j - 10 scrolls of remove curse
 n - 6 scrolls of amnesia
 q - 10 scrolls of teleportation
 y - 10 scrolls of fog
 z - 3 scrolls of fear
 A - 4 scrolls of magic mapping
 D - 2 scrolls of blinking
 E - 4 scrolls of identify
 P - a scroll of acquirement {unknown}
 S - a scroll of brand weapon {unknown}
 T - a scroll of summoning {unknown}
Potions
 d - 3 potions of might
 e - a potion of resistance
 g - 5 potions of mutation
 l - a potion of ambrosia {unknown}
 o - 3 potions of curing
 r - a potion of cancellation
 u - 2 potions of flight
 v - a potion of magic
 w - 2 potions of heal wounds
 C - 2 potions of lignification
 I - a potion of haste
Miscellaneous
 N - a lamp of fire
Comestibles
 f - 24 rations


   Skills:
 * Level 14.4 Fighting
 + Level 10.1 Maces & Flails
 + Level 7.1 Armour
 - Level 10.0 Stealth
 - Level 10.0 Shields
 - Level 6.0 Invocations
 - Level 5.0 Evocations


You had 12 spell levels left.
You didn't know any spells.
Your spell library contained the following spells:

 Spells                   Type           Power        Failure   Level  Hunger
 Corona                   Hex            #......      38%         1    ##.....
 Slow                     Hex            #.......     52%         2    ###....
 Inner Flame              Hex/Fire       #.......     77%         3    ####...
 Portal Projectile        Hex/Tloc       #.....       77%         3    ####...
 Cause Fear               Hex            #.........   99%         4    #####..
 Leda's Liquefaction      Hex/Erth       #.........   99%         4    #####..


Dungeon Overview and Level Annotations

Branches:
Dungeon (15/15)            Temple (1/1) D:4            Lair (1/6) D:8
    Orc (0/2) D:9          Vaults (0/5) D:14         Depths (0/5) D:15
  Sewer (visited)

Altars:
Ashenzari
Cheibriados
Dithmenos
Elyvilon
Fedhas
Gozag
Hepliaklqana
Kikubaaqudgha
Makhleb
Nemelex Xobeh
Okawaru
Qazlal
Ru
Sif Muna
Trog
Uskayaw
Vehumet
Wu Jian
Xom
Yredelemnul
Zin
The Shining One

Shops:
D:7 [   D:11 [   D:13 (

Portals:
Trove: D:11 (give horn of Geryon)

Annotations:
D:15 Kirke


Innate Abilities, Weirdness & Mutations

You are resistant to torment.
((Your stone body is resilient. (AC +9)))
You are immune to poison.
You resist negative energy. (rN+)
((You are resistant to electric shocks. (rElec)))
((You can survive without breathing.))
You are immune to petrification.
You are immune to rotting.


Message History

You bite Kirke!
Kirke is severely wounded.
The hog closely misses you. The hog bites you! Kirke casts a spell at you.
You feel yourself slow down.
You barely miss Kirke.
Kirke is severely wounded.
The hog bites you. The hog bites you! The hog barely misses you.
The hog bites you. The hog bites you! Kirke hits you!
The hog closely misses you. The hog completely misses you.
Kirke gestures wildly while chanting.
Kirke flickers and vanishes for a moment.
The hog barely misses you. The hog bites you!
* * * LOW HITPOINT WARNING * * *
The hog bites you.
* * * LOW HITPOINT WARNING * * *
There is a stone staircase leading up here.
The lindwurm breathes flames at you. The blast of flame hits you!!
You die...

#...............#
#...............##..##
#................##...
#................##...
#................##...
#.................#.#.
#...k.............#.#.
#..@h...†.........#.#.
#.h.#h..............$.
#h†@##############....
#...# #..#. ##...#
#..#. #....# #..#.
#....# #.##. #....#
..# # #...## ....
#...# ....


You could see Kirke (invisible), a lindwurm and a hog.

Vanquished Creatures
  Josephine (D:12)
  A vault guard (D:14)
  3 centaur warriors
  3 two-headed ogres
  A tengu warrior (D:14)
  A skeletal warrior (D:14)
  An unseen horror (D:14)
  3 ugly things
  3 manticores
  3 deep elf magi
  4 cyclopes
  Joseph (D:9)
  Maurice (D:13)
  Psyche (D:9)
  A gargoyle (D:13)
  A tengu conjurer (D:12)
  Grinder (D:6)
  2 trolls (D:14)
  2 hornets
  4 hippogriffs
  Eustachio (D:6)
  3 wraiths (D:12)
  17 yaks
  Sigmund (D:3)
  3 vampires
  4 wyverns
  A steam dragon (D:14)
  3 hogs (D:15)
  3 hungry ghosts (D:14)
  10 vampire mosquitoes
  Menkaure (D:4)
  2 acid dragons
  6 wargs
  A water moccasin (D:7)
  A porcupine (Lair:1)
  Duvessa (D:6)
  A black bear (D:10)
  4 orc warriors
  3 ice beasts
  4 necrophages
  A phantom (D:12)
  4 sky beasts
  4 ogres
  A crocodile (Lair:1)
  8 centaurs
  3 big kobolds
  A gnoll sergeant (D:10)
  2 wyvern zombies (D:14)
  11 bullfrogs
  Dowan (D:6)
  A wyvern skeleton (D:6)
  6 scorpions
  6 killer bees (D:10)
  3 wights (D:14)
  A howler monkey (D:10)
  4 electric eels
  2 centaur zombies
  4 crimson imps
  A bullfrog zombie (D:7)
  7 hounds
  10 orc priests
  A bullfrog skeleton (D:11)
  2 jellies
  12 orc wizards
  An iron imp (D:8)
  5 iguanas
  12 worker ants
  A hound skeleton (D:7)
  3 worker ant zombies
  A howler monkey zombie (D:5)
  5 gnolls
  12 adders
  A shadow imp (D:7)
  2 oozes
  4 worms
  A dart slug (D:4)
  4 leopard geckos
  51 orcs
  6 giant cockroaches
  7 hobgoblins
  8 jackals
  22 kobolds
  6 quokkas
  7 ball pythons
  4 bats
  6 frilled lizards
  11 goblins
  A goblin skeleton (D:8)
  A goblin zombie (D:8)
  4 hobgoblin zombies (D:8)
  A kobold zombie (D:8)
  An orc skeleton (D:8)
  13 rats
405 creatures vanquished.

Vanquished Creatures (others)
  An orc (D:14)
1 creature vanquished.

Grand Total: 406 creatures vanquished

Notes
Turn   | Place    | Note
-------+----------+-------------------------------------------
     0 | D:1      | HarlemGrape the Gargoyle Fighter began the quest for the
                  | Orb.
     0 | D:1      | Reached XP level 1. HP: 14/14 MP: 1/1
   286 | D:1      | Reached XP level 2. HP: 19/19 MP: 2/2
   701 | D:2      | Reached skill level 1 in Stealth
   701 | D:2      | Reached XP level 3. HP: 6/24 MP: 3/3
  1157 | D:2      | Reached skill level 4 in Fighting
  1243 | D:2      | Reached XP level 4. HP: 21/29 MP: 4/4
  1826 | D:3      | Noticed Sigmund
  1834 | D:3      | Killed Sigmund
  1834 | D:3      | Reached skill level 5 in Fighting
  1834 | D:3      | Reached XP level 5. HP: 35/35 MP: 5/5
  1834 | D:3      | Reached XP level 6. HP: 40/40 MP: 6/6
  2094 | D:3      | Found a faded altar of an unknown god.
  2480 | D:4      | Reached skill level 5 in Shields
  2499 | D:4      | Reached XP level 7. HP: 16/45 MP: 7/7
  2851 | D:4      | Reached skill level 6 in Fighting
  3032 | D:4      | Found a shimmering altar of Xom.
  3211 | D:4      | Found a staircase to the Ecumenical Temple.
  3232 | Temple   | Entered the Ecumenical Temple
  3515 | Temple   | Became a worshipper of the Shining One
  3856 | D:4      | Reached XP level 8. HP: 52/52 MP: 8/8
  4103 | D:5      | Entered Level 5 of the Dungeon
  4103 | D:5      | Noticed Menkaure
  4129 | D:4      | Killed Menkaure
  4129 | D:4      | Reached skill level 5 in Maces & Flails
  4698 | D:5      | Found a glowing drain.
  4702 | Sewer    | Entered a sewer
  5475 | D:5      | Reached skill level 7 in Fighting
  6021 | D:6      | Reached skill level 5 in Stealth
  6048 | D:6      | Noticed Eustachio
  6054 | D:6      | Killed Eustachio
  6130 | D:6      | Reached * piety under the Shining One
  6139 | D:6      | Reached skill level 1 in Evocations
  6139 | D:6      | Reached XP level 9. HP: 52/59 MP: 9/9
  6299 | D:6      | Noticed Grinder
  6307 | D:6      | Paralysed by Grinder for 6 turns
  6315 | D:6      | Killed Grinder
  6315 | D:6      | Reached skill level 8 in Fighting
  6639 | D:6      | Noticed Duvessa
  6639 | D:6      | Noticed Dowan
  6652 | D:6      | Killed Duvessa
  6654 | D:6      | Killed Dowan
  7073 | D:7      | Found Ahulajoco's Antique Armour Emporium.
  7112 | D:7      | Reached skill level 9 in Fighting
  7471 | D:7      | Found a burning altar of Makhleb.
  7480 | D:7      | Reached ** piety under the Shining One
  7661 | D:7      | HP: 1/60 [centaur/arrow (12)]
  7661 | D:7      | The Shining One protects you from harm!
  7852 | D:8      | Found a staircase to the Lair.
  8165 | D:7      | Reached XP level 10. HP: 60/66 MP: 12/12
  8316 | D:8      | Found the -2 hat of the Alchemist {rElec rPois rF+ rC+ rN+
                  | MR+ rMut rCorr}
  8464 | D:8      | Found a glowing golden altar of the Shining One.
  8845 | Lair:1   | Entered Level 1 of the Lair of Beasts
  8941 | Lair:1   | Noticed a torpor snail
  9174 | D:9      | Noticed a two-headed ogre
  9180 | D:9      | Killed a two-headed ogre
  9180 | D:9      | Reached skill level 10 in Fighting
  9403 | D:9      | Found a staircase to the Orcish Mines.
  9630 | D:9      | Noticed Psyche
  9638 | D:9      | Killed Psyche
  9761 | D:9      | Reached *** piety under the Shining One
  9769 | D:9      | Noticed Joseph
  9779 | D:9      | Killed Joseph
 10074 | D:10     | Entered Level 10 of the Dungeon
 10349 | D:10     | Reached XP level 11. HP: 72/73 MP: 14/14
 10566 | D:10     | Reached skill level 11 in Fighting
 11248 | D:11     | Found a portal to a secret trove of treasure.
 11248 | D:11     | Found Coezim's Armour Shop.
 11850 | D:11     | Noticed a cyclops
 11854 | D:11     | Killed a cyclops
 11854 | D:11     | Reached skill level 1 in Invocations
 11858 | D:11     | Noticed a cyclops
 11865 | D:11     | Killed a cyclops
 11875 | D:11     | Reached skill level 5 in Evocations
 12014 | D:11     | Reached **** piety under the Shining One
 12226 | D:11     | Noticed a cyclops
 12236 | D:11     | Killed a cyclops
 12583 | D:11     | You fall into a shaft and drop 2 floors!
 12583 | D:13     | Noticed a deep elf mage
 12600 | D:13     | Killed a deep elf mage
 12622 | D:13     | Noticed a centaur warrior
 12630 | D:13     | Killed a centaur warrior
 12736 | D:13     | Reached skill level 12 in Fighting
 12736 | D:13     | Reached skill level 10 in Shields
 12783 | D:13     | Reached XP level 12. HP: 77/81 MP: 15/15
 12963 | D:13     | Noticed a two-headed ogre
 12972 | D:13     | Killed a two-headed ogre
 13037 | D:13     | Noticed Maurice
 13039 | D:13     | Found Qipycuo's Weapon Shop.
 13050 | D:13     | Killed Maurice
 14109 | D:11     | Bought the +3 pair of gauntlets of War {Slay+5} for 570
                  | gold pieces
 14109 | D:11     | Found the +3 pair of gauntlets of War {Slay+5}
 14162 | D:12     | Reached ***** piety under the Shining One
 14341 | D:12     | Found a sacrificial altar of Ru.
 14546 | D:12     | Noticed Josephine
 14551 | D:12     | Reached skill level 5 in Armour
 14556 | D:12     | Killed Josephine
 14556 | D:12     | Reached skill level 13 in Fighting
 14559 | D:12     | Reached skill level 10 in Stealth
 14559 | D:12     | Reached skill level 5 in Invocations
 15199 | D:14     | Noticed a two-headed ogre
 15203 | D:14     | Killed a two-headed ogre
 15245 | D:14     | Noticed a tengu warrior
 15257 | D:14     | Killed a tengu warrior
 15305 | D:14     | Reached XP level 13. HP: 86/88 MP: 17/17
 15690 | D:14     | Reached skill level 14 in Fighting
 16015 | D:14     | Noticed a vault guard
 16024 | D:14     | Killed a vault guard
 16024 | D:14     | Reached skill level 10 in Maces & Flails
 16168 | D:14     | Found a gate to the Vaults.
 16262 | D:15     | Entered Level 15 of the Dungeon
 16470 | D:15     | Found a staircase to the Depths.
 16471 | D:15     | Noticed a fire giant
 16514 | D:15     | Noticed Kirke
 16542 | D:15     | Killed from afar by a lindwurm

Levels and vault maps discovered:
D:1:      kilobyte_arrival_exit_the_forest, layout_rooms,
          chequers_serial_rivers_micro_d
D:2:      layout_basic
D:3:      layout_basic, first_ration, chequers_ecumenical_altar_twisty,
          kennysheep_minor_cross, uniq_sigmund
D:4:      layout_basic, temple_doors_e, st_stairs_10, tgw_xom
D:5:      layout_loops_cross, gup_sewer_entry_spiral, chequers_jeans,
          kennysheep_generic_room_11, uniq_menkaure
D:6:      layout_loops_corners, uniq_eustachio, uniq_grinder, uniq_duvessa
D:7:      layout_basic, makhleb_blood_cavern_becter, serial_shops, shop,
          centaur_isle
D:8:      layout_cave_pools, erik_lair_orcish_takeover, serial_column_ruins,
          column_ruins_hut, column_ruins_grid_3, column_ruins_open_small,
          column_ruins_corridor_corner, column_ruins_open_small,
          column_ruins_open_tiny, nicolae_tso_besieged_by_evil
D:9:      layout_basic, minmay_orc_entry_guard_dogs, uniq_psyche, uniq_joseph
D:10:     layout_stronghold
D:11:     layout_big_octagon, serial_shops, shop, enter_trove_0, enter_bailey_3
D:12:     layout_rooms, gauntlet_entry_generic, grunt_tengu_nest,
          minmay_variable_closet, nicolae_ru_sacrificial_ziggurat,
          uniq_josephine
D:13:     layout_basic, serial_shops, shop_statue, uniq_maurice
D:14:     layout_roguey, david_vaults_5, kennysheep_path_1
D:15:     grunt_enter_depths_giant_problem, layout_cave_pods, serial_shops,
          shop, grunt_decor_one_mirror, corexii_leaking_fountain,
          minmay_misc_feat_nine_boxes, einodemon_armed_red_devil_minivault,
          uniq_kirke
Temple:   roderic_octagonal_lattice_temple
Lair:1:   layout_chaotic_city, grunt_megastairs_5

Skill      XL: |  1  2  3  4  5  6  7  8  9 10 11 12 13 |
---------------+----------------------------------------+-----
Stealth        | 1 2 3 4 5 6 8 9 10 | 10.0
Shields        | 4 5 6 8 10 | 10.0
Fighting       | 4 5 6 7 9 10 12 13 14 | 14.4
Maces & Flails | 3 4 6 7 8 9 10 | 10.1
Evocations     | 1 3 4 5 |  5.0
Invocations    | 3 5 6 |  6.0
Armour         | 5 7 |  7.1

Action                   |  1- 3 |  4- 6 |  7- 9 | 10-12 | 13-15 || total
-------------------------+-------+-------+-------+-------+-------++-------
Melee: Flail             |   117 |    27 |   335 |   247 |       ||   726
       Whip              |       |   129 |   122 |       |       ||   251
       Dire flail        |       |       |       |   387 |   146 ||   533
       Unarmed           |       |       |       |       |     3 ||     3
Invok: Divine Shield     |       |       |       |     1 |       ||     1
Evoke: Wand              |       |       |     2 |    10 |     2 ||    14
  Use: Scroll            |     5 |     7 |     9 |    11 |       ||    32
       Potion            |       |       |     4 |     2 |       ||     6
  Eat: Chunk             |     1 |     4 |    13 |    17 |     3 ||    38
       Ration            |       |       |     2 |     2 |     2 ||     6
Armor: Scale mail        |    47 |       |       |       |       ||    47
       Chain mail        |    30 |    88 |   280 |     2 |       ||   400
       Plate armour      |       |       |       |   594 |   110 ||   704
Dodge: Dodged            |    46 |    31 |   112 |   210 |    48 ||   447
Block: Shield            |    72 |   103 |   282 |     2 |       ||   459
       Large shield      |       |       |       |   217 |       ||   217
       Other             |       |       |       |     2 |       ||     2
